 Dungeon Crawl Stone Soup version 0.30.0-29-ga12c61a403 (webtiles) character file.

Game seed: 2082900006692849657

4087 thromnambular the Grappler (level 10, 0/94 HPs)
             Began as a Troll Ice Elementalist on June 13, 2023.
             Was an Elder of Makhleb.
             Slain by a two-headed ogre
             ... wielding a +0 giant club
              (12 damage)
             ... on level 7 of the Dungeon.
             The game lasted 00:16:53 (6254 turns).

thromnambular the Grappler (Troll Ice Elementalist) Turns: 6254, Time: 00:16:54

Health: 0/94       AC:  9    Str: 18    XL:     10   Next: 5%
Magic:  10/10      EV:  6    Int: 11    God:    Makhleb [****..]
Gold:   321        SH: 14    Dex: 14    Spells: 7/11 levels left

rFire   . .          .
                       - Unarmed
rCold   . . .        v - +0 tower shield
rNeg    . . .        o - +0 swamp dragon scales
rPois   +            (helmet restricted)
rElec   .            f - scarf {repulsion}
rCorr   .            (gloves unavailable)
SInv    .            (boots unavailable)
Will    .....        (no amulet)
Stlth   +            (no ring)
HPRegen 1.15/turn    (no ring)
MPRegen 0.12/turn

%: repel missiles
@: no status effects
A: large, unfitting armour, claws 3, regeneration 1, shaggy fur 1, tough skin 1
a: Renounce Religion, Minor Destruction, Lesser Servant of Makhleb, Major
Destruction


You were on level 7 of the Dungeon.
You worshipped Makhleb.
Makhleb was greatly pleased with you.
You visited 1 branch of the dungeon, and saw 7 of its levels.
You also visited: Sewer and Ossuary.

You collected 410 gold pieces.
You spent 89 gold pieces at shops.

Inventory:

Armour
 a - a +0 robe
 f - a scarf of repulsion (worn)
 o - +0 swamp dragon scales (worn)
 v - a +0 tower shield (worn)
Scrolls
 c - 6 scrolls of teleportation
 k - 2 scrolls of fear
 l - 3 scrolls of brand weapon
 p - 2 scrolls of butterflies
 t - a scroll of fog
 u - a scroll of amnesia
 x - a scroll of poison
 y - a scroll of identify
 A - a scroll of magic mapping
Potions
 b - 2 potions of magic
 d - 3 potions of lignification
 e - 2 potions of attraction
 g - 2 potions of mutation
 h - 3 potions of degeneration
 i - 4 potions of ambrosia
 j - 5 potions of curing
 m - a potion of brilliance
 n - a potion of resistance
 q - a potion of cancellation {unknown}
 r - a potion of flight {unknown}
 w - a potion of haste
 z - a potion of might


   Skills:
 - Level 4.7 Fighting
 + Level 2.2 Armour
 - Level 1.5 Dodging
 - Level 1.0 Stealth
 + Level 5.8 Shields
 * Level 11.1 Unarmed Combat
 - Level 1.2 Spellcasting
 - Level 2.9 Ice Magic


You had 7 spell levels left.
You knew the following spells:

 Your Spells              Type           Power      Damage    Failure   Level
a - Freeze                Ice            28%        1d5       77%         1
b - Ozocubu's Armour      Ice            7%         N/A       98%         3

Your spell library contained the following spells:

 Spells                   Type           Power      Damage    Failure   Level
 Frozen Ramparts          Ice            14%        1d3       98%         3
 Slow                     Hex            0%         N/A       99%         1
 Confusing Touch          Hex            0%         N/A       100%        3
 Dazzling Flash           Conj/Hex       0%         N/A       100%        3
 Vampiric Draining        Necr           0%         2d6       100%        3
 Summon Ice Beast         Ice/Summ       3%         N/A       100%        4
 Agony                    Necr           0%         N/A       100%        5
 Silence                  Hex/Air        0%         N/A       100%        5


Dungeon Overview and Level Annotations

Branches:
Dungeon (7/15)             Temple (0/1) D:7           Sewer (visited)
Ossuary (visited)

Altars:
Hepliaklqana
Kikubaaqudgha
Makhleb
Zin

Shops:
D:1 (   D:4 *


Innate Abilities, Weirdness & Mutations

You are too large for most types of armour.
You have claws for hands.
Your natural rate of healing is unusually fast.
You are covered in fur. (AC +1)
You have tough skin. (AC +1)


Message History

You claw the two-headed ogre!
The two-headed ogre is heavily wounded.
The two-headed ogre hits you with a +0 giant club!
The two-headed ogre hits you with a +0 giant spiked club!!
* * * LOW HITPOINT WARNING * * *
As you read the scroll of fear, it crumbles to dust.
You assume a fearsome visage.
The two-headed ogre looks frightened! x2
You aren't carrying any items that you can evoke.
There is a stone staircase leading up here.
You start resting.
A two-headed ogre is nearby!
You aren't carrying any items that you can evoke.
Okay, then.
You climb upwards.
There is a stone staircase leading down here.
There is an open door here.
HP restored.
There is a stone staircase leading down here.
You start waiting.
Done waiting.
You climb downwards.
There is a stone staircase leading up here.
There is a stone staircase leading up here.
You see here a +0 shortbow.
The two-headed ogre shouts in stereo!
You scratch the two-headed ogre.
The two-headed ogre is lightly wounded.
The two-headed ogre hits you with a +0 giant club!!
The two-headed ogre hits you but does no damage.
You scratch the two-headed ogre but do no damage.
The two-headed ogre is lightly wounded.
You scratch the two-headed ogre.
The two-headed ogre is lightly wounded.
The two-headed ogre hits you with a +0 giant club!
The two-headed ogre hits you with a +0 giant spiked club!!
The two-headed ogre attacks as you move away!
The two-headed ogre hits you with a +0 giant club!!
* * * LOW HITPOINT WARNING * * *
The two-headed ogre hits you with a +0 giant spiked club!
You die...

.....###########.#..(............
...###...............#...........
...###.........#.....#.###+#..#..
O..(...........#.........OO.....<
..####.........+...#.............
### #.........#####.............
...# #................O..........
...# #..........O....#.##........
...# ########.#.@#####.##.[.....#
...# #......)##.########## .[.#
#######.##.# ...# #.##.##########
#.##........... #.########.....
#........)..... ##########.....
#.....


You could see 2 two-headed ogres.

Vanquished Creatures
  Maggie (D:6)
  Sigmund (D:5)
  Eustachio (D:5)
  A wyvern (D:6)
  Edmund (D:6)
  4 water moccasins
  Duvessa (D:6)
  Pargi (Sewer)
  A black bear (D:6)
  3 ice beasts
  2 ogres
  A centaur (D:7)
  2 phantoms
  3 kobold brigands
  2 bullfrogs
  3 elf skeletons (D:7)
  4 scorpions
  A water moccasin zombie (Ossuary)
  Dowan (D:6)
  2 jellies
  4 hounds
  A human zombie (D:7)
  An orc priest (D:7)
  Ijyb (D:3)
  Jessica (D:3)
  8 iguanas
  Terence (D:3)
  Natasha (twice) (D:2)
  6 orc wizards
  A human skeleton (D:7)
  2 mummies (Ossuary)
  Robin (D:3)
  6 adders
  A shadow imp (D:6)
  A white imp (D:5)
  An ufetubus (D:5)
  9 adder zombies (Ossuary)
  5 worms
  4 dart slugs
  26 orcs
  9 ball pythons
  4 bats
  6 endoplasms
  2 giant cockroaches (D:4)
  A gnoll zombie (Ossuary)
  11 goblins
  10 hobgoblins
  4 jackals
  15 kobolds
  2 quokkas
  10 frilled lizards
  7 hobgoblin zombies (Ossuary)
  3 kobold zombies (Ossuary)
  6 orc zombies
  5 rats
213 creatures vanquished.

Notes
Turn   | Place    | Note
-------+----------+-------------------------------------------
     0 | D:1      | thromnambular the Troll Ice Elementalist began the quest
                  | for the Orb.
     0 | D:1      | Reached XP level 1. HP: 16/16 MP: 1/1
   123 | D:1      | Reached skill level 1 in Unarmed Combat
   231 | D:1      | Reached XP level 2. HP: 24/24 MP: 2/2
   442 | D:1      | Reached skill level 2 in Unarmed Combat
   508 | D:1      | Found Dumipar's Antique Weapon Shop.
   824 | D:2      | Reached XP level 3. HP: 20/31 MP: 3/3
   844 | D:2      | Learned a level 3 spell: Ozocubu's Armour
   889 | D:2      | Reached skill level 3 in Unarmed Combat
  1166 | D:2      | Noticed Natasha
  1172 | D:2      | Killed Natasha
  1173 | D:2      | Reached skill level 4 in Unarmed Combat
  1173 | D:2      | Reached XP level 4. HP: 26/39 MP: 4/4
  1250 | D:2      | Noticed Natasha
  1262 | D:2      | Killed Natasha
  1438 | D:3      | Noticed Jessica
  1441 | D:3      | Killed Jessica
  1442 | D:3      | Reached XP level 5. HP: 45/45 MP: 5/5
  1552 | D:3      | Noticed Terence
  1557 | D:3      | Killed Terence
  1558 | D:3      | Reached skill level 5 in Unarmed Combat
  1587 | D:3      | Noticed Robin
  1604 | D:3      | Killed Robin
  1822 | D:3      | Noticed an ogre
  1828 | D:3      | Killed an ogre
  1829 | D:3      | Reached skill level 6 in Unarmed Combat
  1829 | D:3      | Reached XP level 6. HP: 53/53 MP: 2/6
  1994 | D:3      | Noticed Ijyb
  2017 | D:3      | Killed Ijyb
  2342 | D:4      | Noticed a green death
  2343 | D:4      | Found a burning altar of Makhleb.
  2349 | D:4      | Found a glowing silver altar of Zin.
  2349 | D:4      | Noticed an angel
  2352 | D:4      | Became a worshipper of Makhleb the Destroyer
  2408 | D:4      | Found Duib Bia's Specific Store.
  2410 | D:4      | Found Tewno's General Store.
  2418 | D:4      | Bought a +0 kite shield for 63 gold pieces
  2422 | D:4      | Bought a scroll of identify for 26 gold pieces
  2834 | D:4      | Reached skill level 1 in Fighting
  2834 | D:4      | Reached skill level 1 in Shields
  2936 | D:4      | Found a hazy altar of Hepliaklqana.
  3005 | D:4      | Noticed a water moccasin
  3018 | D:4      | Killed a water moccasin
  3019 | D:4      | Reached XP level 7. HP: 62/62 MP: 7/7
  3022 | D:4      | Reached * piety under Makhleb
  3023 | D:4      | Reached skill level 7 in Unarmed Combat
  3280 | D:5      | Entered Level 5 of the Dungeon
  3422 | D:5      | Noticed Sigmund
  3438 | D:5      | Killed Sigmund
  3439 | D:5      | Reached skill level 8 in Unarmed Combat
  3439 | D:5      | Reached XP level 8. HP: 56/74 MP: 8/8
  3468 | D:5      | Reached ** piety under Makhleb
  3514 | D:5      | Noticed Eustachio
  3532 | D:5      | Killed Eustachio
  3759 | D:5      | Found an ancient bone altar of Kikubaaqudgha.
  3825 | D:5      | Found a glowing drain.
  3849 | Sewer    | Entered a sewer
  3908 | Sewer    | Noticed Pargi
  3922 | Sewer    | Killed Pargi
  4095 | D:6      | Reached skill level 9 in Unarmed Combat
  4418 | D:6      | Reached XP level 9. HP: 84/84 MP: 9/9
  4564 | D:6      | Noticed Duvessa
  4582 | D:6      | Noticed Dowan
  4588 | D:6      | Killed Duvessa
  4593 | D:6      | Killed Dowan
  4638 | D:6      | Noticed Edmund
  4652 | D:6      | Killed Edmund
  4811 | D:6      | Reached *** piety under Makhleb
  4823 | D:6      | Reached skill level 10 in Unarmed Combat
  4974 | D:6      | Noticed Maggie
  4994 | D:6      | Killed Maggie
  4995 | D:6      | Reached skill level 5 in Shields
  5174 | D:7      | Found a staircase to the Ecumenical Temple.
  5366 | D:7      | Reached skill level 1 in Armour
  5447 | D:7      | Found a sand-covered staircase.
  5459 | Ossuary  | Entered an ossuary
  5552 | Ossuary  | Reached **** piety under Makhleb
  5740 | D:7      | Reached skill level 11 in Unarmed Combat
  5780 | D:7      | Reached XP level 10. HP: 83/94 MP: 10/10
  6027 | D:7      | Noticed a two-headed ogre
  6027 | D:7      | Noticed a two-headed ogre
  6254 | D:7      | Slain by a two-headed ogre

Illustrated notes

Levels and vault maps discovered:
D:1:      spicycebolla_arrival_ecumenical, layout_loops_ring, serial_shops,
          shop_statue, minivault_11
D:2:      layout_loops_cross, skrybe_limestone_x, uniq_natasha
D:3:      layout_loops_ring, grunt_ministairs_6, uniq_ijyb, uniq_jessica,
          uniq_terence, uniq_robin
D:4:      minmay_chambers_of_twos, layout_basic,
          worldfamousw_hep_ancestral_shrine,
          grunt_temple_overflow_order_and_chaos_2, nicolae_specific_store
D:5:      layout_rooms, kennysheep_mini, cheibrodos_sewer_entry_bend,
          minmay_holes, uniq_eustachio, uniq_sigmund
D:6:      layout_basic, serial_glass, glass_columns_c, glass_columns_a,
          glass_columns_a, glass_columns_a, glass_columns_a, glass_columns_a,
          glass_columns_a, glass_columns_a, glass_columns_a, glass_columns_a,
          uniq_maggie, uniq_edmund, uniq_duvessa
D:7:      layout_basic, minmay_temple_entry_junction_2,
          nicolae_ossuary_entry_catacombs, st_stairs_6, minmay_manual_monolith

Skill      XL: |  1  2  3  4  5  6  7  8  9 |
---------------+----------------------------+-----
Unarmed Combat | 1 2 4 6 8 9 11 | 11.1
Fighting       | 1 2 3 4 |  4.7
Shields        | 1 3 4 5 |  5.8
Armour         | 2 |  2.2
Dodging        | |  1.5
Stealth        | |  1.0
Spellcasting   | |  1.2
Ice Magic      | |  2.9

Action                     |  1- 3 |  4- 6 |  7- 9 | 10-12 || total
---------------------------+-------+-------+-------+-------++-------
  Melee: Unarmed           |    95 |   110 |   442 |    21 ||   668
         Punch             |     2 |       |       |       ||     2
  Throw: Dart              |       |     4 |     2 |     1 ||     7
   Cast: Ozocubu's Armour  |       |     1 |       |       ||     1
    Use: Scroll            |     4 |     8 |     6 |     1 ||    19
         Potion            |       |     2 |     3 |       ||     5
   Stab: Sleeping          |     3 |     2 |       |       ||     5
 Armour: Robe              |    38 |    22 |    59 |       ||   119
         Swamp dragon scal |       |       |    39 |     5 ||    44
  Dodge: Dodged            |    33 |    38 |    85 |     2 ||   158
         Repelled          |       |     1 |     1 |       ||     2
  Block: Kite shield       |       |    17 |    63 |       ||    80
         Tower shield      |       |       |   136 |     7 ||   143
